 Dungeon Crawl Stone Soup version 0.29-a0-668-g12ee2bf84d (webtiles) character file.

Game seed: 5637624312802154621

51916 DocClef the Blocker (level 14, 0/101 HPs)
             Began as a Gnoll Fighter on June 23, 2022.
             Was a High Priest of Hepliaklqana.
             Slain by a tyrant leech (6 damage)
             ... while petrified by Jorgrun
             ... on level 1 of the Swamp.
             The game lasted 00:31:53 (20758 turns).

DocClef the Blocker (Gnoll Fighter)                Turns: 20758, Time: 00:31:54

Health: 0/101      AC: 23    Str: 20    XL:     14   Next: 61%
Magic:  27/27      EV: -1    Int:  7    God:    Hepliaklqana [*****.]
Gold:   1436       SH:  0    Dex: 13    Spells: 23/31 levels left

rFire   . . .      SeeInvis .   x - +4 flail (protect)
rCold   + . .      Faith    .   c - +0 buckler
rNeg    + + +      Spirit   .   y - +2 scale mail {Will+}
rPois   ∞          Reflect  +   p - +2 helmet of Eternal Night {rC+}
rElec   .          Harm     .   h - +0 cloak
rCorr   .          Rampage  .   m - +2 pair of gloves
Will    ++...                   J - +2 pair of boots {Fly}
Stlth   +++.......              f - amulet of reflection
HPRegen 0.26/turn               M - +4 ring of evasion
MPRegen 0.20/turn               z - +4 ring of evasion

@: petrified, grasped by roots, flying, constricted, studying Hexes
A: reduced essence, fangs 1, strong nose, distributed training
a: Renounce Religion, Recall Ancestor, Ancestor Identity, Transference, Idealise


You were on level 1 of the Swamp.
You worshipped Hepliaklqana.
Hepliaklqana was extremely pleased with you.
You visited 4 branches of the dungeon, and saw 20 of its levels.
You also visited: Sewer and Bailey.

You collected 2008 gold pieces.
You spent 572 gold pieces at shops.

Inventory:

Hand Weapons
 a - a +3 double sword
 x - a +4 flail of protection (weapon)
Missiles
 l - 2 atropa-tipped darts (quivered)
 q - 26 boomerangs
 v - 3 curare-tipped darts
 Q - 4 javelins
 R - 3 throwing nets
Armour
 c - a +0 buckler (worn)
 h - a +0 cloak (worn)
 m - a +2 pair of gloves (worn)
 p - the +2 helmet of Eternal Night (worn) {rC+}
   (You acquired it on level 5 of the Lair of Beasts)

   rC:        It protects you from cold.
 y - a +2 scale mail of willpower (worn)
 J - a +2 pair of boots of flying (worn)
 O - a +2 chain mail of cold resistance
Jewellery
 e - a ring of willpower
 f - an amulet of reflection (around neck)
 j - a +4 ring of protection
 t - a ring of protection from fire
 u - a ring of resist corrosion
 z - a +4 ring of evasion (right hand)
 B - a ring of positive energy
 M - a +4 ring of evasion (left hand)
 N - a +6 ring of strength
 Y - a ring of protection from cold
Wands
 b - a wand of iceblast (43)
 n - a wand of flame (57)
 r - a wand of quicksilver (12)
 S - a wand of charming (16)
 X - a wand of mindburst (11)
Scrolls
 g - 10 scrolls of teleportation
 o - a scroll of silence
 A - 2 scrolls of fear
 C - 4 scrolls of blinking
 H - 8 scrolls of identify
 K - 4 scrolls of fog
 T - 3 scrolls of enchant armour
 V - 3 scrolls of enchant weapon
 W - 2 scrolls of amnesia
Potions
 d - 7 potions of might
 i - a potion of cancellation
 k - a potion of heal wounds
 w - 3 potions of ambrosia
 D - 6 potions of brilliance
 E - 3 potions of invisibility
 F - 4 potions of curing
 I - 2 potions of haste
 L - 4 potions of attraction
 U - 2 potions of resistance
 Z - 2 potions of mutation {unknown}
Miscellaneous
 s - a phial of floods
 G - a piece from Xom's chessboard (15/15)
 P - a phantom mirror


   Skills:
 + Level 11.4 Fighting
 + Level 9.4 Short Blades
 + Level 9.4 Long Blades
 + Level 9.4 Axes
 + Level 10.4 Maces & Flails
 + Level 9.4 Polearms
 + Level 9.4 Staves
 + Level 9.4 Slings
 + Level 9.4 Bows
 + Level 9.4 Crossbows
 + Level 9.4 Throwing
 + Level 11.4 Armour
 + Level 9.4 Dodging
 + Level 9.4 Stealth
 + Level 11.4 Shields
 + Level 9.4 Unarmed Combat
 + Level 9.4 Spellcasting
 + Level 7.8 Conjurations
 + Level 10.9 Hexes
 + Level 7.8 Summonings
 + Level 7.8 Necromancy
 + Level 7.8 Translocations
 + Level 7.8 Transmutations
 + Level 7.8 Fire Magic
 + Level 7.8 Ice Magic
 + Level 7.8 Air Magic
 + Level 7.8 Earth Magic
 + Level 7.8 Poison Magic
 + Level 10.2 Invocations
 + Level 9.4 Evocations


You had 23 spell levels left.
You knew the following spells:

 Your Spells              Type           Power      Damage    Failure   Level
a - Blink                 Tloc           28%        N/A       3%          2
b - Ozocubu's Armour      Ice            14%        N/A       6%          3
c - Frozen Ramparts       Ice            28%        1d4       6%          3

Your spell library contained the following spells:

 Spells                   Type           Power      Damage    Failure   Level
 Shock                    Conj/Air       56%        1d6       1%          1
 Dazzling Flash           Conj/Hex       32%        N/A       3%          3
 Ignite Poison            Fire/Tmut/Pois 14%        N/A       6%          3
 Lesser Beckoning         Tloc           14%        N/A       6%          3
 Mephitic Cloud           Conj/Pois/Air  14%        N/A       6%          3
 Swiftness                Air            14%        N/A       6%          3
 Airstrike                Air            7%         N/A       19%         4
 Ice Form                 Ice/Tmut       14%        N/A       19%         4
 Summon Ice Beast         Ice/Summ       14%        N/A       19%         4
 Metabolic Englaciation   Hex/Ice        8%         N/A       28%         5
 Silence                  Hex/Air        8%         N/A       28%         5
 Agony                    Necr           14%        N/A       47%         5
 Freezing Cloud           Conj/Ice/Air   7%         6-21      47%         5
 Manifold Assault         Tloc           14%        N/A       47%         5
 Simulacrum               Ice/Necr       7%         N/A       96%         6


Dungeon Overview and Level Annotations

Branches:
Dungeon (12/15)            Temple (1/1) D:6            Lair (6/6) D:11
  Swamp (1/4) Lair:2        Snake (0/4) Lair:2        Slime (0/5) Lair:5
  Sewer (visited)          Bailey (visited)
    Orc: D:9-12

Altars:
Ashenzari
Cheibriados
Dithmenos
Elyvilon
Fedhas
Gozag
Hepliaklqana
Kikubaaqudgha
Makhleb
Nemelex Xobeh
Okawaru
Qazlal
Ru
Sif Muna
Trog
Uskayaw
Vehumet
Wu Jian
Xom
Yredelemnul
Zin
The Shining One
Jiyva

Shops:
D:1 !   D:5 **

Annotations:
Swamp:1 Jorgrun


Innate Abilities, Weirdness & Mutations

Your life essence is reduced to manifest your ancestor. (-10% HP)
You have very sharp teeth.
Your uncanny sense of smell can sniff out nearby items.
Your experience applies equally to all skills.


Message History

The tyrant leech bites you but does no damage.
You sock Jorgrun!
Your weapon exudes an aura of protection.
Jorgrun is severely wounded.
Jorgrun splashes around in the water.
The grasping roots constrict you.
You sock Jorgrun!
Jorgrun is severely wounded.
The tyrant leech bites you!
* * * LOW HITPOINT WARNING * * *
The tyrant leech draws strength from your injuries!
Jorgrun points at you and mumbles some strange words.
You are slowing down.
The grasping roots constrict you!
* * * LOW HITPOINT WARNING * * *
You hit Jorgrun.
Jorgrun is almost dead.
Jorgrun hits you but does no damage. The grasping roots constrict you.
You block the tyrant leech's attack.
Your limbs are stiffening.
The grasping roots release their grip on you.
Unknown command.
You closely miss Jorgrun. You bite Jorgrun, but do no damage.
Jorgrun is almost dead.
Jorgrun hits you with a staff of earth.
* * * LOW HITPOINT WARNING * * *
The tyrant leech completely misses you. Jorgrun hits you but does no damage.
You have turned to stone.
The tyrant leech bites you!
* * * LOW HITPOINT WARNING * * *
Jorgrun casts a spell at you.
Roots burst forth from the earth!
The grasping roots grab you! The grasping roots constrict you!
* * * LOW HITPOINT WARNING * * *
The tyrant leech bites you!
* * * LOW HITPOINT WARNING * * *
Jorgrun casts a spell at you.
You easily resist.
The grasping roots constrict you. Jorgrun hits you but does no damage.
The grasping roots constrict you. The tyrant leech bites you!
You die...

♣♣..≈≈...≈≈♣♣♣♣
§)
♣♣≈....≈..♣♣♣
♣♣≈♣♣..^..≈.§.♣
♣.≈.....♣≈≈.♣♣♣
≈♣.≈§.≈§§.≈.♣♣
≈....≈≈≈≈≈..♣
≈....≈≈≈≈≈..♣
≈....≈g≈≈...♣
♣≈w@.§..♣♣
≈.≈≈≈♣♣♣♣.≈§§♣♣
≈.≈ ♣♣≈≈≈.♣ .
♣...≈♣ ♣♣♣♣♣♣


You could see Jorgrun and a tyrant leech.

Vanquished Creatures
  Harold (D:10)
  A catoblepas (Lair:6)
  A two-headed ogre (D:9)
  An alligator (Swamp:1)
  3 death yaks
  A spriggan (Swamp:1)
  A goliath frog (Swamp:1)
  A bog body (Lair:2)
  An ugly thing (D:8)
  2 cyclopes (D:8)
  A manticore (D:8)
  5 elephants (Lair:6)
  2 black mambas
  A torpor snail (Lair:5)
  Maggie (D:7)
  4 cane toads
  A rime drake (Lair:6)
  6 komodo dragons
  2 polar bears
  A tyrant leech (Swamp:1)
  A hornet (Swamp:1)
  A slime creature (D:8)
  8 blink frogs
  A dream sheep (Lair:5)
  A wyvern (D:9)
  4 shadows
  24 yaks
  2 basilisks
  3 steam dragons (D:8)
  3 acid dragons
  4 vampire mosquitoes
  Edmund (D:4)
  7 water moccasins
  3 ice beasts
  5 orc warriors
  4 sky beasts
  2 ogres
  3 black bears
  12 wolves
  A centaur (D:8)
  2 kobold brigands
  13 bullfrogs
  2 gnoll sergeants (D:8)
  A necrophage (D:6)
  A scorpion (D:4)
  3 wights (D:8)
  14 killer bees
  2 howler monkeys (D:9)
  A hound (D:6)
  An orc priest (D:8)
  A gnoll shaman (D:10)
  An iguana (D:5)
  8 orc wizards
  3 hell rats (Lair:5)
  A mummy (D:6)
  14 adders
  10 gnolls
  A shadow imp (D:7)
  3 white imps
  2 ufetubi (D:10)
  3 worms
  A dart slug (D:4)
  29 orcs
  10 ball pythons
  5 bats
  4 endoplasms
  7 giant cockroaches
  9 goblins
  8 hobgoblins
  7 quokkas
  3 frilled lizards
  2 hobgoblin zombies (D:6)
  21 kobolds
  2 orc zombies (D:6)
  7 rats
329 creatures vanquished.

Vanquished Creatures (collateral kills)
  A boulder beetle (Lair:2)
  Erolcha (D:10)
  2 hydras (Lair:6)
  3 death yaks
  2 two-headed ogres (D:11)
  A deep troll shaman (Lair:6)
  Urug (D:10)
  A cyclops (D:8)
  7 elephants (Lair:6)
  A black mamba (Lair:2)
  3 cane toads
  An eye of devastation (Lair:5)
  2 torpor snails
  A freezing wraith (D:12)
  8 komodo dragons
  3 rime drakes
  A polar bear (Lair:6)
  8 blink frogs
  A slime creature (D:8)
  6 dream sheep
  3 basilisks
  2 vampires (D:11)
  16 yaks
  3 vampire mosquitoes
  2 steam dragons
  8 water moccasins
  A floating eye (Lair:5)
  2 orc warriors (D:11)
  2 ice beasts (D:10)
  2 black bears
  A centaur (D:8)
  15 wolves
  A phantom (D:7)
  10 bullfrogs
  A kobold brigand (D:8)
  A necrophage (D:7)
  An electric eel (Lair:6)
  A howler monkey (D:9)
  An orc priest (D:11)
  2 hell rats (Lair:5)
  3 orc wizards
  2 gnolls
  2 white imps (D:10)
  2 orcs
138 creatures vanquished.

Vanquished Creatures (others)
  A bloated husk (Swamp:1)
  An ancestor (D:8)
  10 battlemagi
  26 fungi
  26 plants
64 creatures vanquished.

Grand Total: 531 creatures vanquished

Notes
Turn   | Place    | Note
-------+----------+-------------------------------------------
     0 | D:1      | DocClef the Gnoll Fighter began the quest for the Orb.
     0 | D:1      | Reached XP level 1. HP: 23/23 MP: 1/1
    19 | D:1      | Found Xirghif's Distillery.
   301 | D:1      | Reached XP level 2. HP: 29/29 MP: 2/2
   581 | D:1      | Reached XP level 3. HP: 35/35 MP: 3/3
   678 | D:1      | Found a faded altar of an unknown god.
  1011 | D:2      | Reached skill level 1 in Invocations
  1043 | D:2      | Reached skill level 1 in Short Blades
  1043 | D:2      | Reached skill level 1 in Long Blades
  1043 | D:2      | Reached skill level 1 in Axes
  1043 | D:2      | Reached skill level 1 in Polearms
  1043 | D:2      | Reached skill level 1 in Staves
  1043 | D:2      | Reached skill level 1 in Slings
  1043 | D:2      | Reached skill level 1 in Bows
  1043 | D:2      | Reached skill level 1 in Crossbows
  1043 | D:2      | Reached skill level 1 in Throwing
  1043 | D:2      | Reached skill level 1 in Dodging
  1043 | D:2      | Reached skill level 1 in Stealth
  1043 | D:2      | Reached skill level 1 in Unarmed Combat
  1043 | D:2      | Reached skill level 1 in Spellcasting
  1043 | D:2      | Reached skill level 1 in Evocations
  1214 | D:2      | Reached XP level 4. HP: 41/41 MP: 5/5
  1738 | D:3      | Reached skill level 1 in Conjurations
  1738 | D:3      | Reached skill level 1 in Hexes
  1738 | D:3      | Reached skill level 1 in Summonings
  1738 | D:3      | Reached skill level 1 in Necromancy
  1738 | D:3      | Reached skill level 1 in Translocations
  1738 | D:3      | Reached skill level 1 in Transmutations
  1738 | D:3      | Reached skill level 1 in Fire Magic
  1738 | D:3      | Reached skill level 1 in Ice Magic
  1738 | D:3      | Reached skill level 1 in Air Magic
  1738 | D:3      | Reached skill level 1 in Earth Magic
  1738 | D:3      | Reached skill level 1 in Poison Magic
  1891 | D:3      | Found a glowing drain.
  1907 | D:3      | Reached XP level 5. HP: 45/47 MP: 6/6
  1918 | Sewer    | Entered a sewer
  2394 | D:3      | Noticed an ogre
  2400 | D:3      | Killed an ogre
  2401 | D:3      | Reached XP level 6. HP: 53/53 MP: 8/8
  2963 | D:4      | Reached skill level 5 in Maces & Flails
  3122 | D:4      | Noticed Edmund
  3132 | D:4      | Killed Edmund
  3133 | D:4      | Reached XP level 7. HP: 48/59 MP: 10/10
  3222 | D:4      | Found an opulent altar of Gozag.
  3876 | D:5      | Entered Level 5 of the Dungeon
  4028 | D:5      | Found Genikeaf's General Store.
  4032 | D:5      | Found Sial's Specific Store.
  4217 | D:5      | Reached XP level 8. HP: 67/67 MP: 12/12
  4605 | D:6      | Found a staircase to the Ecumenical Temple.
  4678 | Temple   | Entered the Ecumenical Temple
  4769 | Temple   | Became a worshipper of Hepliaklqana the Forgotten
  4979 | D:6      | You fall into a shaft and drop 3 floors!
  5090 | D:9      | Found a flagged portal.
  5187 | Bailey   | Entered a bailey
  5678 | Bailey   | Reached XP level 9. HP: 37/73 MP: 14/14
  6372 | D:7      | Noticed Maggie
  6384 | D:8      | Reached * piety under Hepliaklqana
  6511 | D:7      | Reached skill level 5 in Invocations
  6704 | D:6      | Reached skill level 5 in Hexes
  7124 | D:7      | Killed Maggie
  7125 | D:7      | Reached XP level 10. HP: 54/72 MP: 11/17
  7544 | D:8      | Reached skill level 5 in Short Blades
  7544 | D:8      | Reached skill level 5 in Long Blades
  7544 | D:8      | Reached skill level 5 in Axes
  7544 | D:8      | Reached skill level 5 in Polearms
  7544 | D:8      | Reached skill level 5 in Staves
  7544 | D:8      | Reached skill level 5 in Slings
  7544 | D:8      | Reached skill level 5 in Bows
  7544 | D:8      | Reached skill level 5 in Crossbows
  7544 | D:8      | Reached skill level 5 in Throwing
  7544 | D:8      | Reached skill level 5 in Dodging
  7544 | D:8      | Reached skill level 5 in Stealth
  7544 | D:8      | Reached skill level 5 in Unarmed Combat
  7544 | D:8      | Reached skill level 5 in Spellcasting
  7544 | D:8      | Reached skill level 5 in Evocations
  7630 | D:8      | Noticed a manticore
  7649 | D:8      | Killed a manticore
  7823 | D:8      | Noticed a cyclops
  7827 | D:8      | Killed a cyclops
  8104 | D:8      | Noticed a cyclops
  8114 | D:8      | Killed a cyclops
  8377 | D:8      | Noticed a green ugly thing
  8751 | D:9      | Noticed a two-headed ogre
  8759 | D:9      | Killed a two-headed ogre
  8760 | D:9      | Reached XP level 11. HP: 74/78 MP: 19/19
  9298 | D:8      | Reached skill level 5 in Conjurations
  9298 | D:8      | Reached skill level 5 in Summonings
  9298 | D:8      | Reached skill level 5 in Necromancy
  9298 | D:8      | Reached skill level 5 in Translocations
  9298 | D:8      | Reached skill level 5 in Transmutations
  9298 | D:8      | Reached skill level 5 in Fire Magic
  9298 | D:8      | Reached skill level 5 in Ice Magic
  9298 | D:8      | Reached skill level 5 in Air Magic
  9298 | D:8      | Reached skill level 5 in Earth Magic
  9298 | D:8      | Reached skill level 5 in Poison Magic
  9370 | D:8      | Noticed a cyclops
  9378 | D:8      | Killed a cyclops
  9761 | D:8      | Identified the +1 leather armour of Caustic Salvation
                  | {Will- Str+2 Int+3 Slay+3}
  9811 | D:8      | Killed a green ugly thing
 10212 | D:10     | Entered Level 10 of the Dungeon
 10212 | D:10     | Reached ** piety under Hepliaklqana
 10213 | D:10     | Remembered your ancestor Esmond as a battlemage
 10300 | D:10     | Noticed Erolcha
 10456 | D:10     | Noticed Harold
 10490 | D:10     | Killed Harold
 10580 | D:10     | Killed Erolcha
 10754 | D:10     | Found a glowing silver altar of Zin.
 10755 | D:10     | Found a snail-covered altar of Cheibriados.
 10858 | D:10     | Noticed Urug
 10874 | D:10     | Killed Urug
 10907 | D:10     | Reached XP level 12. HP: 46/86 MP: 22/22
 11553 | D:11     | Noticed a two-headed ogre
 11560 | D:11     | Killed a two-headed ogre
 11710 | D:11     | Noticed a two-headed ogre
 11717 | D:11     | Killed a two-headed ogre
 11807 | D:11     | Identified the +4 leather armour "Mahorhim" {Str+2}
 12344 | D:11     | Found a staircase to the Lair.
 12537 | D:12     | Noticed a death knight
 12583 | Lair:1   | Entered Level 1 of the Lair of Beasts
 12850 | Lair:1   | Reached *** piety under Hepliaklqana
 12862 | Lair:1   | Reached skill level 10 in Fighting
 12862 | Lair:1   | Reached skill level 10 in Armour
 12862 | Lair:1   | Reached skill level 10 in Shields
 13758 | Lair:2   | Found a staircase to the Snake Pit.
 13779 | Lair:2   | Found a staircase to the Swamp.
 13829 | Lair:2   | Found a hide-covered altar of Uskayaw.
 13829 | Lair:2   | Found an ornate altar of the Wu Jian Council.
 13829 | Lair:2   | Noticed a boulder beetle
 13865 | Lair:2   | Killed a boulder beetle
 14009 | Lair:2   | Learned a level 2 spell: Blink
 14105 | Lair:2   | Reached XP level 13. HP: 92/92 MP: 24/24
 14699 | Lair:2   | Reached **** piety under Hepliaklqana
 16385 | Lair:4   | Reached ***** piety under Hepliaklqana
 16974 | Lair:5   | Identified a scroll of acquirement
 16974 | Lair:5   | Acquired the +2 helmet of Eternal Night {rC+}
 16985 | Lair:5   | Found a viscous altar of Jiyva.
 16986 | Lair:5   | Found a staircase to the Slime Pits.
 17223 | Lair:5   | Reached skill level 10 in Hexes
 18039 | Lair:6   | Entered Level 6 of the Lair of Beasts
 18149 | Lair:6   | Reached skill level 10 in Maces & Flails
 18153 | Lair:6   | Reached XP level 14. HP: 94/101 MP: 26/26
 18157 | Lair:6   | Learned a level 3 spell: Ozocubu's Armour
 18161 | Lair:6   | Learned a level 3 spell: Frozen Ramparts
 18759 | Lair:6   | Reached skill level 10 in Invocations
 19366 | D:5      | Bought a scroll of acquirement for 572 gold pieces
 19366 | D:5      | Acquired 860 gold pieces
 19579 | Swamp:1  | Entered Level 1 of the Swamp
 20734 | Swamp:1  | Noticed Jorgrun
 20748 | Swamp:1  | HP: 3/101 [constriction (13)]
 20757 | Swamp:1  | HP: 5/101 [tyrant leech (5)]
 20758 | Swamp:1  | Slain by a tyrant leech

Illustrated notes

Levels and vault maps discovered:
D:1:      noname_arrival_rooms_in_the_neighbourhood, layout_rooms,
          hellmonk_ecumenical_altar_lost_god, serial_shops, shop
D:2:      layout_rooms, serial_forest, infiniplex_forest_lined_4_way,
          infiniplex_forest_lined_corner, infiniplex_forest_lined_room_,
          infiniplex_forest_straight_5, infiniplex_forest_end_3,
          infiniplex_forest_side_room, hex_tiny
D:3:      layout_loops_ring, gup_sewer_entry_pipe
D:4:      layout_loops_ring, grunt_gozag_statues, minmay_manual_mess,
          uniq_edmund
D:5:      layout_basic, nicolae_specific_store
D:6:      layout_basic, minmay_temple_entry_slanted, minmay_mini_ossuary
D:7:      layout_rooms, uniq_maggie
D:8:      minmay_the_grid_octo_tiled_octocenter [minmay_the_grid_octo_77,
          minmay_the_grid_octo_toaster, minmay_the_grid_octo_fan_narrow,
          minmay_the_grid_octo_tetromino_candy, minmay_the_grid_octo_prize_star,
          minmay_the_grid_square_5x5_longway,
          minmay_the_grid_square_5x5_checkered_statues,
          minmay_the_grid_square_5x5_six,
          minmay_the_grid_square_5x5_inverted_slash], layout_loops_ring,
          dreamdust_wishing_well
D:9:      layout_roguey, enter_bailey_7
D:10:     layout_loops_ring, mainiacjoe_overflow_divided_tiny, serial_ice,
          serial_ice_n, serial_ice_b, serial_ice_h, serial_ice_k, serial_ice_f,
          serial_ice_a, serial_ice_g, item_on_display_b, uniq_harold, uniq_urug,
          uniq_erolcha
D:11:     layout_cave_pools, grunt_lair_entry_orc_guard_hut, st_stairs_13
D:12:     evilmike_diamond_2, layout_basic, orc_0_dummy
Temple:   compressed_dpeg_triangle_lava_temple
Lair:1:   layout_regular_city
Lair:2:   layout_gridlike, skrybe_swamp_entry_bodies, dummy_snake_entry,
          nzn_masters_of_martial_movement, grunt_megastairs_1
Lair:3:   layout_regular_city, portal_ice_cave_rime
Lair:4:   layout_loops_ring, chequers_serial_rivers_small_b
Lair:5:   layout_misc_corridors, minmay_slime_entry_eyes, nicolae_lair_lil_pond
Lair:6:   grunt_lair_end_beastmaster, layout_cave_pods, serial_rivers,
          chequers_serial_rivers_small_b, chequers_serial_rivers_room_b,
          chequers_serial_rivers_micro_c, chequers_serial_rivers_micro_d,
          chequers_serial_rivers_room_b, nicolae_quartered_pool_little
Swamp:1:  layout_basic_swamp, ebering_ghost_disaster_area,
          nicolae_swamp_orc_logging_accident, uniq_jorgrun

Skill      XL: |  1  2  3  4  5  6  7  8  9 10 11 12 13 14 |
---------------+-------------------------------------------+-----
Invocations    | 1 2 3 4 5 6 7 8 9 10 | 10.2
Short Blades   | 1 2 3 4 5 6 7 8 9 |  9.4
Long Blades    | 1 2 3 4 5 6 7 8 9 |  9.4
Axes           | 1 2 3 4 5 6 7 8 9 |  9.4
Polearms       | 1 2 3 4 5 6 7 8 9 |  9.4
Staves         | 1 2 3 4 5 6 7 8 9 |  9.4
Slings         | 1 2 3 4 5 6 7 8 9 |  9.4
Bows           | 1 2 3 4 5 6 7 8 9 |  9.4
Crossbows      | 1 2 3 4 5 6 7 8 9 |  9.4
Throwing       | 1 2 3 4 5 6 7 8 9 |  9.4
Dodging        | 1 2 3 4 5 6 7 8 9 |  9.4
Stealth        | 1 2 3 4 5 6 7 8 9 |  9.4
Unarmed Combat | 1 2 3 4 5 6 7 8 9 |  9.4
Spellcasting   | 1 2 3 4 5 6 7 8 9 |  9.4
Evocations     | 1 2 3 4 5 6 7 8 9 |  9.4
Conjurations   | 1 2 3 4 5 6 7 |  7.8
Hexes          | 1 2 3 5 6 7 9 10 | 10.9
Summonings     | 1 2 3 4 5 6 7 |  7.8
Necromancy     | 1 2 3 4 5 6 7 |  7.8
Translocations | 1 2 3 4 5 6 7 |  7.8
Transmutations | 1 2 3 4 5 6 7 |  7.8
Fire Magic     | 1 2 3 4 5 6 7 |  7.8
Ice Magic      | 1 2 3 4 5 6 7 |  7.8
Air Magic      | 1 2 3 4 5 6 7 |  7.8
Earth Magic    | 1 2 3 4 5 6 7 |  7.8
Poison Magic   | 1 2 3 4 5 6 7 |  7.8
Maces & Flails | 5 6 7 8 9 10 | 10.4
Fighting       | 7 8 9 10 11 | 11.4
Armour         | 7 8 9 10 11 | 11.4
Shields        | 7 8 9 10 11 | 11.4

Action                   |  1- 3 |  4- 6 |  7- 9 | 10-12 | 13-15 || total
-------------------------+-------+-------+-------+-------+-------++-------
Melee: Flail             |   103 |   191 |   416 |   680 |   550 ||  1940
       Bite              |     8 |    15 |    36 |   109 |   103 ||   271
       Whip              |       |    35 |     5 |       |       ||    40
Throw: Dart              |       |       |     1 |     4 |       ||     5
 Cast: Ozocubu's Armour  |       |       |       |       |     1 ||     1
Invok: Recall Ancestor   |       |       |       |     1 |       ||     1
       Ancestor Life: Ba |       |       |       |     1 |       ||     1
Evoke: Phial of floods   |       |       |       |     1 |       ||     1
  Use: Potion            |     2 |       |     4 |     1 |     3 ||    10
       Scroll            |       |     4 |    14 |     5 |     3 ||    26
 Stab: Sleeping          |       |       |       |     3 |     3 ||     6
       Distracted        |       |       |       |     6 |    11 ||    17
       Petrified         |       |       |       |       |     4 ||     4
Armor: Scale mail        |    95 |    99 |   179 |   278 |   203 ||   854
       Skin              |       |       |    10 |       |       ||    10
Dodge: Dodged            |    84 |    70 |   163 |   344 |   417 ||  1078
Block: Buckler           |    39 |    88 |   237 |   375 |   368 ||  1107
       Reflection        |       |     3 |     8 |     4 |     2 ||    17

Table legend: (Time is in decaauts)
 A = Elapsed time spent in this place.
 B = Non-inter-level travel time spent in this place.
 C = Inter-level travel time spent in this place.
 D = Time resting spent in this place.
 E = Time spent auto-exploring this place.
 F = Levels seen in this place.
 G = Mean time per level.
                   A        B        C        D        E       F      G
               +--------+--------+--------+--------+--------+-----+--------+
         Total |  20944 |  19833 |   1111 |   3133 |  12364 |  22 |  952.0 |
       Dungeon |  11631 |  10938 |    693 |   1336 |   7173 |  12 |  969.2 |
        Temple |    101 |     92 |      9 |      0 |     18 |   1 |  101.0 |
          Lair |   7343 |   6934 |    409 |   1128 |   4516 |   6 | 1223.8 |
         Swamp |    458 |    458 |      0 |    330 |     81 |   1 |  458.0 |
         Sewer |    506 |    506 |      0 |      0 |    305 |   1 |  506.0 |
        Bailey |    902 |    902 |      0 |    339 |    271 |   1 |  902.0 |
               +--------+--------+--------+--------+--------+-----+--------+

Top non-repeatable levels by time:
     D:8: 2169 daAuts
  Lair:6: 1670 daAuts
  Lair:2: 1488 daAuts
    D:10: 1395 daAuts
     D:9: 1248 daAuts
  Lair:1: 1171 daAuts
  Lair:3: 1118 daAuts
    D:11: 1012 daAuts
     D:1: 1003 daAuts
  Lair:5: 993 daAuts
     D:4: 924 daAuts
  Bailey: 902 daAuts
  Lair:4: 900 daAuts
     D:6: 812 daAuts
     D:3: 806 daAuts
